Map: Lerilak Crest

Players

LilDicky

  • Race: Terran Terran
  • League: Diamond

SonOfFlynn - Winner!

  • Race: Protoss Protoss
  • League: Diamond

VOD

http://www.twitch.tv/tumescentpie

Description

Time

  • Played on: Dec. 3, 2015, 1:40 p.m.
  • Length: 8:38
Show
View Real Time Build Order
Export as new Build Order

LilDicky Terran 

Build Orders: MMM Bio 

Get SALT Encoding   

  12  0:01  SCV  
  13  0:14  SCV  
  13  0:17  Supply Depot  
  14  0:26  SCV  
  15  0:31  Refinery  
  15  0:39  SCV  
  16  0:46  Barracks  
  16  0:51  SCV  
  17  1:03  SCV  
  18  1:15  SCV  
  19  1:27  SCV  
  20  1:45  Marine  
  20  1:46  Orbital Command  
  21  1:51  Supply Depot  
  21  2:01  Factory  
  21  2:03  Marine  
  22  2:13  SCV  
  22  2:14  Barracks  
  23  2:16  Barracks  
  23  2:21  Refinery  
  23  2:28  SCV  
  24  2:30  Barracks Reactor  
  24  2:37  Supply Depot  
  24  2:59  SCV  
  24  3:03  Barracks Tech Lab x2  
  25  3:08  Widow Mine  
  25  3:12  SCV, Marine x2  
  29  3:22  Combat Shields, Stimpack  
  29  3:23  Marine x2  
  29  3:25  SCV  
  32  3:27  Supply Depot  
  32  3:29  Marine  
  32  3:30  Marine  
  32  3:49  Marauder x2, Marine x2  
  32  3:52  SCV  
  39  3:59  Starport  
  39  4:13  Marauder, Marine x2  
  39  4:14  Marauder  
  45  4:22  Supply Depot  
  45  4:29  Widow Mine  
  45  4:31  Marine  
  47  4:36  Medivac  
  50  4:40  Concussive Shells  
  50  4:41  Supply Depot  
  50  4:42  Marine  
  51  4:52  Marine x2  
  51  5:15  Marine  
  51  5:16  Medivac, Marauder x2  
  42  6:08  Marine  
  42  6:09  Marauder, Marine  
  42  6:10  Marine  
  46  6:18  Medivac  
  48  6:26  Marine x2  
  48  6:27  Marine  
  48  6:30  Marine  
  48  6:32  Command Center  
  52  6:44  Supply Depot, Marine x2  
  52  6:46  Marauder  
  48  7:05  Marine x3  
  48  7:07  Marine  
  46  7:11  SCV  
  46  7:13  Starport Reactor  
  47  7:17  Widow Mine  
  49  7:22  Marine  
  49  7:23  Marine x2  
  49  7:27  Marine  
  49  7:29  SCV  
  54  7:40  Marine  
  54  7:41  SCV  
  54  7:43  Marine x2  
  58  7:47  Engineering Bay  
  56  8:13  Marine  
  56  8:15  Marine x2  
  56  8:16  Marauder  
Show
View Real Time Build Order
Export as new Build Order

SonOfFlynn Protoss - Winner!

Build Orders:  

Get SALT Encoding   

  12  0:01  Probe (Chrono Boost)  
  13  0:11  Probe (Chrono Boost)  
  14  0:19  Pylon  
  14  0:23  Probe (Chrono Boost)  
  15  0:37  Probe (Chrono Boost)  
  15  0:38  Gateway  
  16  0:43  Assimilator  
  16  0:48  Probe (Chrono Boost)  
  17  0:59  Probe (Chrono Boost)  
  18  1:09  Probe (Chrono Boost)  
  19  1:13  Pylon  
  19  1:20  Probe (Chrono Boost)  
  20  1:27  Cybernetics Core  
  20  1:30  Probe (Chrono Boost)  
  21  1:41  Probe (Chrono Boost)  
  22  1:54  Nexus  
  22  1:59  Assimilator  
  22  2:06  Adept  
  24  2:09  Warp Gate  
  24  2:15  Mothership Core (Chrono Boost)  
  26  2:26  Pylon  
  26  2:33  Probe (Chrono Boost), Adept  
  29  2:44  Probe (Chrono Boost)  
  30  2:48  Robotics Facility  
  30  2:59  Probe (Chrono Boost)  
  31  3:10  Probe (Chrono Boost)  
  31  3:11  Probe (Chrono Boost)  
  31  3:12  Adept  
  35  3:20  Probe (Chrono Boost)  
  35  3:21  Gateway  
  35  3:22  Probe (Chrono Boost)  
  37  3:47  Observer  
  38  3:54  Gateway  
  38  4:00  Pylon  
  38  4:04  Twilight Council  
  38  4:07  Pylon  
  38  4:09  Observer  
  39  4:12  Probe x2 (Chrono Boost)  
  41  4:19  Forge  
  41  4:24  Stalker x2  
  41  4:27  Probe (Chrono Boost)  
  41  4:28  Probe (Chrono Boost)  
  41  4:29  Assimilator  
  47  4:32  Observer  
  47  4:37  Pylon  
  47  4:38  Probe x2 (Chrono Boost)  
  50  4:41  Blink  
  50  4:48  Probe (Chrono Boost), Assimilator  
  50  4:49  Probe (Chrono Boost)  
  50  4:52  Stalker  
  54  4:55  Stalker  
  56  5:14  Stalker  
  56  5:16  Stalker  
  56  5:18  Probe x2 (Chrono Boost)  
  62  5:29  Probe x2 (Chrono Boost)  
  62  5:32  Zealot  
  57  5:43  Zealot  
  57  5:44  Zealot  
  51  6:12  Immortal (Chrono Boost), Nexus  
  51  6:15  Pylon  
  51  6:16  Protoss Ground Weapons Level 1, Pylon  
  55  6:23  Gateway  
  55  6:25  Gateway  
  55  6:33  Mothership Core  
  55  6:37  Adept x2  
  61  6:43  Stalker  
  57  7:04  Probe  
  57  7:05  Stalker x2  
  62  7:16  Probe  
  63  7:26  Gateway  
  63  7:28  Probe (Chrono Boost)  
  63  7:29  Robotics Bay  
  64  7:31  Probe (Chrono Boost)  
  64  7:33  Observer (Chrono Boost)  
  66  7:40  Probe (Chrono Boost)  
  67  7:50  Probe (Chrono Boost)  
  68  8:01  Probe (Chrono Boost)  
  69  8:12  Probe x2 (Chrono Boost)  
  71  8:15  Stalker x2  
  71  8:16  Stalker x2, Pylon  
  71  8:17  Pylon  
  79  8:22  Probe (Chrono Boost)  
  80  8:37  Zealot x2  
Tags
 
Add a new tag
Caveats
  • Supply blocks, unpowered buildings, or Contaminate may cause inaccurate times.
  • Supply counts are checked every 10 seconds.